 Dungeon Crawl Stone Soup version 0.18.1-8-gdd0e5ea (webtiles) character file.

296772 pipel the Imperceptible (level 20, -4/118 HPs)
             Began as a Spriggan Enchanter on May 21, 2016.
             Was an Initiate of Gozag.
             Killed from afar by Margery (39 damage)
             ... with a bolt of fire
             ... on level 1 of the Depths.
             The game lasted 03:49:28 (40937 turns).

pipel the Imperceptible (Spriggan Enchanter)       Turns: 40937, Time: 03:49:30

Health: -4/118     AC: 14    Str:  6    XL:     20   Next: 8%
Magic:  44/50      EV: 37    Int: 20    God:    Gozag
Gold:   2354       SH: 10    Dex: 22    Spells: 15 memorised, 5 levels left

rFire  . . .     SeeInvis +     a - +9 quick blade
rCold  . . .     Gourm    .     y - +4 robe of Night {+Inv MR+ SInv Stlth+}
rNeg   . . .     Faith    .     j - +1 buckler {AC+3}
rPois  +         Spirit   .     F - +2 hat
rElec  +         Dismiss  .     M - +2 cloak {rPois}
rCorr  .         Reflect  .     (gloves unavailable)
SustAt .         Harm     .     (boots unavailable)
MR     ++++.                    D - amulet "Vetuuptoo" {rElec rPois Regen+}
Stlth  ++++++++++               B - +5 ring of slaying
                                S - ring of magical power

@: gold aura, very slightly contaminated, invisible, very quick, incredibly
resistant to hostile enchantments, uncannily stealthy
A: unfitting armour, claws 1, see invisible, herbivore 3, speed 3, robust 1,
slow metabolism 2, strong 1
a: Potion Petition, Call Merchant, Bribe Branch, Renounce Religion, Turn Visible
}: 2/15 runes: barnacled, gossamer


You were on level 1 of the Depths.
You worshipped Gozag.
Gozag was noncommittal.
You were hungry.

You visited 9 branches of the dungeon, and saw 38 of its levels.
You visited 1 bazaar.
You also visited: Bailey and Volcano.

You collected 15997 gold pieces.
You spent 5725 gold pieces at shops.
You paid 7918 gold pieces to Gozag.

Inventory:

Hand Weapons
 a - a +9 quick blade (weapon)
 P - a +5 blowgun
Missiles
 i - 8 curare-tipped needles
 H - 12 throwing nets (quivered)
Armour
 j - a +1 buckler of protection (worn)
 y - the +4 robe of Night (worn) {+Inv MR+ SInv Stlth+}
   (You bought it in a shop on level 10 of the Dungeon)

   It affects your resistance to hostile enchantments.
   It lets you see invisible.
   It lets you turn invisible.
   It makes you more stealthy.
 F - a +2 hat (worn)
 M - a +2 cloak of poison resistance (worn)
Rods
 b - a +4 rod of clouds (9/9)
   (You found it on level 15 of the Dungeon)
 l - a +7 rod of clouds (10/10)
   (You took it off a vampire on level 15 of the Dungeon)
Jewellery
 B - a +5 ring of slaying (right claw)
 D - the amulet "Vetuuptoo" (around neck) {rElec rPois Regen+}
   (You found it on level 8 of the Lair of Beasts)

   [amulet of regeneration]

   It insulates you from electricity.
   It protects you from poison.
   It increases your rate of regeneration.
 S - a ring of magical power (left claw)
 V - an uncursed ring of protection from cold
Wands
 t - a wand of hasting (2/9)
 u - a wand of digging (9/24)
 v - a wand of teleportation (3/9)
 E - a wand of disintegration (17/24)
 I - a wand of heal wounds (7/9)
 Q - a wand of acid (8/15)
 T - a wand of iceblast (1/15)
Scrolls
 c - 2 scrolls of fear
 g - 13 scrolls of teleportation
 h - 4 scrolls of immolation
 s - 6 scrolls of recharging
 z - 10 scrolls of remove curse
 C - a scroll of silence
 J - 7 scrolls of magic mapping
 O - a scroll of enchant armour
 R - 5 scrolls of fog
 Z - 2 scrolls of identify
Potions
 e - 3 potions of haste
 f - 2 potions of might
 k - 3 potions of agility
 m - 12 potions of curing
 n - 7 potions of flight
 x - 3 potions of resistance
 G - 7 potions of heal wounds
 L - 5 potions of brilliance
 N - 3 potions of cure mutation {!q}
 U - 3 potions of magic
 W - 7 potions of cancellation
Books
 w - the Tome of the Volcanoes and Hexes
   (You found it on level 15 of the Dungeon)

   Spells                             Type                      Level
   a - Ignite Poison                  Fire/Transmutation/Poison    3
   b - Bolt of Fire                   Conjuration/Fire             6
   c - Discord                        Hexes                        8
Miscellaneous
 p - a lamp of fire
 r - a box of beasts
 K - a sack of spiders {used: 2}
 Y - a phial of floods
Comestibles
 d - 19 bread rations
 o - 21 fruits
 q - a royal jelly
 A - 14 slices of pizza


   Skills:
 - Level 12.7 Fighting
 - Level 8.6 Short Blades
   Level 1.4 Slings
 - Level 18.8 Dodging
 - Level 21.8 Stealth
 - Level 8.1 Shields
 - Level 16.8 Spellcasting
 - Level 6.5 Conjurations
 + Level 14.2 Hexes
 - Level 6.0 Charms
 - Level 2.3 Summonings
 - Level 3.3 Necromancy
 - Level 3.4 Translocations
 - Level 3.9 Fire Magic
 - Level 4.3 Ice Magic
 - Level 3.0 Air Magic
 - Level 3.9 Poison Magic
 - Level 10.3 Evocations


You had 5 spell levels left.
You knew the following spells:

 Your Spells              Type           Power        Failure   Level  Hunger
a - Apportation           Tloc           ####......   1%          1    None
b - Fireball              Conj/Fire      #####.....   14%         5    ###....
c - Confuse               Hex            ######..     1%          3    None
d - Tukima's Dance        Hex            ######..     1%          3    None
e - Swiftness             Chrm/Air       #####...     1%          2    None
f - Cause Fear            Hex            ######....   1%          4    None
g - Gell's Gravitas       Hex/Tloc       ######....   1%          3    None
h - Ensorcelled Hibernat  Hex/Ice        ######       1%          2    None
i - Metabolic Englaciati  Hex/Ice        ######....   1%          5    ###....
m - Mephitic Cloud        Conj/Pois/Air  ####....     1%          3    None
r - Regeneration          Chrm/Necr      #####.....   1%          3    None
s - Dazzling Spray        Conj/Hex       ######..     1%          3    None
v - Summon Mana Viper     Hex/Summ       ######..     3%          5    ###....
w - Spectral Weapon       Hex/Chrm       ######..     1%          3    None
R - Repel Missiles        Chrm/Air       #####.       1%          2    None


Dungeon Overview and Level Annotations

Branches:
Dungeon (15/15)            Temple (1/1) D:7            Lair (8/8) D:8
 Shoals (4/4) Lair:6       Spider (4/4) Lair:4        Slime (0/6) Lair:8
    Orc (2/2) D:10            Elf (1/3) Orc:2        Vaults (2/5) D:14
 Depths (1/5) D:15
  Crypt: Vaults:2-3

Altars:
Ashenzari
Cheibriados
Dithmenos
Elyvilon
Fedhas
Gozag
Kikubaaqudgha
Makhleb
Nemelex Xobeh
Okawaru
Pakellas
Qazlal
Ru
Sif Muna
Trog
Vehumet
Xom
Yredelemnul
Zin
The Shining One
Beogh
Jiyva

Shops:
D:4 (}   D:5 *!*[}   D:10 [?*   D:14 *   Orc:2 [:[(}([   Shoals:1 *
Vaults:2 *   Depths:1 ([

Portals:
Hell: Depths:1
Ziggurat: Depths:1

Annotations:
D:5 1 runed door
Lair:2 exclusion: electric eel
Lair:8 1 runed door
Depths:1 Margery


Innate Abilities, Weirdness & Mutations

You are tiny and cannot use many weapons and most armour.
You have supernaturally acute eyesight.
You are a herbivore.
You cover ground extremely quickly.
You need consume almost no food.
You have sharp fingernails.
You are robust (+10% HP).
Your muscles are strong. (Str +2)


Message History

You draw out your weapon's spirit!
The necromancer misses your spectral weapon.
You block the hell knight's attack.
The hell knight barely misses your spectral weapon.
You now have 44/50 mp.
You puncture the hell knight!
You kill the hell knight!
Margery casts a spell at you. The bolt of fire hits you!
Ouch! That really hurt!
* * * LOW HITPOINT WARNING * * *
You take 72 damage, and have 35/118 hp.
MASSIVE DAMAGE!!
Margery points at you and mumbles some strange words.
The bolt of fire hits your spectral weapon.
Your spectral weapon resists.
Your spectral weapon shares its damage with you!
Your spectral weapon fades away.
The bolt of fire hits you!
You die...
Your body crumbles into a pile of gold.

#.##### #.....#
#####.# ####.#
#...### #....#
##.....# #.####
#.[..... ###...#
#.......
###.###.######...8..∩
...8.8.8.....@.$p....
$##.⌠.⌠.########@....
#8.∩!8#....###....#
###.⌠.(...##...#p.###
#..8(8.8..#.##.#...
#.###.(........###.#
####.#
####.....#####.#
...#.# #####^....^.#
.#.#.# #########


You could see Margery and a hell knight.

Vanquished Creatures
  Mara (Vaults:2)
  Saint Roka (Orc:2)
  Nikola (Spider:3)
  Arachne (Spider:4)
  Asterion (Spider:3)
  Rupert (D:14)
  A lich (Depths:1)
  A kraken (Shoals:1)
  A sphinx (Vaults:1)
  A storm dragon (D:15)
  Gastronok (D:12)
  Kirke (Spider:4)
  Ilsuiw (Shoals:4)
  Donald (Shoals:1)
  A frost giant (D:15)
  8 vault wardens
  Wiglaf (Spider:4)
  6 ghost moths
  Louise (Spider:4)
  11 emperor scorpions
  An orc warlord (Orc:2)
  3 ironheart preservers (Vaults:1)
  2 stone giants
  Nessos (Lair:8)
  A dire elephant (Lair:8)
  2 spark wasps
  3 merfolk javelineers (Shoals:4)
  The ghost of F1L1N the Fighter, a journeyman MiBe of Trog (Orc:2)
  A deep elf death mage (Elf:1)
  7 merfolk impalers
  8 vault guards
  A fire dragon (Vaults:1)
  4 yaktaur captains
  4 entropy weavers
  A great orb of eyes (Vaults:1)
  An ice dragon (D:15)
  The ghost of Tux the Grappler, a journeyman VSMo of Cheibriados (Lair:1)
  15 hydras
  5 ogre magi
  2 satyrs
  A satyr (shapeshifter) (Vaults:1)
  A catoblepas (Lair:8)
  A deep troll earth mage (D:15)
  12 death yaks
  An alligator snapping turtle (Shoals:4)
  A deep troll shaman (Lair:8)
  12 centaur warriors
  2 merfolk aquamancers (Shoals:4)
  5 merfolk avatars
  A tengu warrior (D:12)
  Urug (D:10)
  2 hell knights (Depths:1)
  Sonja (D:10)
  2 deep elf knights
  Nergalle (Orc:1)
  A deep troll (D:15)
  13 sea snakes
  5 skeletal warriors (D:15)
  A fire crab (shapeshifter) (D:15)
  8 unseen horrors
  2 giant orange brains (D:15)
  7 deep elf archers
  6 orc knights
  The ghost of Sagrath01 the Transmogrifier, a novice OpTm of Fedhas (D:8)
  10 hill giants
  20 harpies
  3 necromancers
  6 ironbrand convokers
  A lindwurm (shapeshifter) (D:15)
  14 orb spiders
  2 orb spiders (shapeshifter) (D:15)
  4 hornets
  2 wizards (D:14)
  32 wolf spiders
  16 deep elf magi
  A cyclops (shapeshifter) (D:15)
  5 orc sorcerers
  13 griffons
  14 manticores
  9 fauns
  A salamander (shapeshifter) (Vaults:1)
  13 ugly things
  6 sirens
  7 cyclopes
  A salamander (Depths:1)
  9 elephants
  6 black mambas
  6 centaur zombies
  2 moths of wrath
  Joseph (Lair:1)
  13 water nymphs
  5 vault sentinels
  2 torpor snails
  A gargoyle (D:10)
  11 yaktaurs
  3 rime drakes
  15 spiny frogs
  3 kobold demonologists
  A molten gargoyle (Volcano)
  4 freezing wraiths
  7 komodo dragons
  A komodo dragon (shapeshifter) (Vaults:1)
  8 demonic crawlers
  27 jumping spiders
  2 wind drakes
  20 merfolk
  2 polar bears
  6 trolls
  5 two-headed ogres
  2 dancing weapons
  9 boulder beetles
  21 slime creatures
  A snapping turtle (shapeshifter) (Elf:1)
  9 snapping turtles
  3 blink frogs (Lair:6)
  A hornet zombie (D:15)
  A blink frog (shapeshifter) (D:15)
  36 tarantellas
  A centaur simulacrum (D:15)
  4 wraiths
  71 redbacks
  A redback (shapeshifter) (Elf:1)
  6 water elementals
  A vampire (D:15)
  A fire elemental (Volcano)
  19 humans
  32 yaks
  A wyvern (D:13)
  3 basilisks
  7 hippogriffs
  A hungry ghost (D:10)
  A hippogriff (shapeshifter) (Elf:1)
  9 vampire mosquitoes
  6 mottled dragons
  9 swamp worms (Lair:1)
  2 wargs
  12 water moccasins
  The ghost of Tux the Ruffian, an amateur VSMo (D:4)
  A soldier ant (D:13)
  13 porcupines
  39 orc warriors
  4 ice beasts
  6 wasps
  4 sky beasts
  An ettin simulacrum (Vaults:2)
  A hornet simulacrum (D:15)
  3 black bears
  An eye of draining (shapeshifter) (Vaults:1)
  3 eyes of draining
  A phantom (D:12)
  A necrophage (D:7)
  15 wolves
  A boggart (shapeshifter) (D:15)
  18 centaurs
  24 ogres
  11 crocodiles
  2 big kobolds (D:14)
  20 giant frogs
  8 gnoll sergeants (Bailey)
  A wyvern zombie (D:12)
  An ogre simulacrum (Vaults:1)
  7 scorpions
  14 killer bees
  A killer bee (shapeshifter) (Vaults:1)
  5 howler monkeys
  10 wights
  10 crimson imps
  A giant frog zombie (D:13)
  10 hounds
  23 orc priests
  8 jellies
  2 quasits
  7 centaur skeletons
  5 giant frog skeletons
  8 gnoll shamans
  25 orc wizards
  Ijyb (D:3)
  Terence (D:2)
  10 iguanas
  17 worker ants
  7 sheep
  A hound zombie (D:5)
  2 hound skeletons
  2 howler monkey zombies
  31 gnolls
  A howler monkey skeleton (D:5)
  7 adders
  43 river rats
  5 shadow imps
  3 adder zombies
  2 adder skeletons (D:4)
  12 worms
  2 dart slugs
  3 giant geckos
  125 orcs
  A ball python (D:3)
  13 giant cockroaches
  18 goblins
  12 hobgoblins
  10 jackals
  11 kobolds
  2 quokkas
  7 bats
  A giant cockroach zombie (D:5)
  A giant gecko skeleton (D:6)
  3 giant newts
  A jackal skeleton (D:5)
  6 rats
  3 butterflies (D:5)
  2 fire vortices
1486 creatures vanquished.

Vanquished Creatures (collateral kills)
  A fire giant (D:15)
  Aizul (Spider:2)
  2 vault wardens (Vaults:1)
  A merfolk impaler (Shoals:4)
  A vault guard (D:14)
  An orb spider (Spider:4)
  2 sirens
  A yaktaur (Vaults:1)
  2 jumping spiders (Spider:4)
  2 merfolk (Shoals:4)
  A redback (Spider:2)
  A tarantella (Spider:3)
  2 orc warriors (Vaults:1)
  A giant frog (D:15)
  3 wights (D:9)
  An orc priest (D:6)
  An orc wizard (Vaults:1)
  A gnoll (D:7)
  An orc (D:6)
26 creatures vanquished.

Vanquished Creatures (others)
  A merfolk aquamancer (Shoals:4)
  An ogre mage (Vaults:1)
  A wolf spider (Spider:3)
  4 redbacks
  3 humans (Spider:4)
  17 dancing weapons
  An ogre (D:9)
  4 fungi
  7 plants
  6 spectral weapons
  16 tentacles (Shoals:1)
  151 tentacle segments (Shoals:1)
212 creatures vanquished.

Grand Total: 1724 creatures vanquished

Notes
Turn   | Place    | Note
--------------------------------------------------------------
     0 | D:1      | pipel the Spriggan Enchanter began the quest for the Orb.
     0 | D:1      | Reached XP level 1. HP: 9/9 MP: 5/5
   210 | D:1      | Reached XP level 2. HP: 13/13 MP: 6/6
   249 | D:1      | Learned a level 2 spell: Ensorcelled Hibernation
   594 | D:1      | Reached skill level 5 in Stealth
   850 | D:2      | Noticed Terence
   856 | D:2      | Killed Terence
   856 | D:2      | Reached XP level 3. HP: 17/17 MP: 0/8
   862 | D:2      | Learned a level 3 spell: Dazzling Spray
  1090 | D:2      | Reached XP level 4. HP: 9/21 MP: 2/9
  1387 | D:2      | Found a shadowy altar of Dithmenos.
  2143 | D:3      | Found an oddly glowing altar of Pakellas.
  2351 | D:3      | Found a deep blue altar of Sif Muna.
  2653 | D:3      | Noticed Ijyb
  2661 | D:3      | Killed Ijyb
  2661 | D:3      | Reached skill level 1 in Slings
  2661 | D:3      | Reached skill level 6 in Stealth
  2661 | D:3      | Reached XP level 5. HP: 25/25 MP: 7/10
  2723 | D:3      | Learned a level 3 spell: Confuse
  2772 | D:4      | Reached skill level 1 in Ice Magic
  2777 | D:4      | Noticed an ogre
  2781 | D:4      | Killed an ogre
  2781 | D:4      | Reached skill level 1 in Fighting
  2781 | D:4      | Reached XP level 6. HP: 30/30 MP: 12/12
  2809 | D:4      | Found Baefid's Antique Weapon Shoppe.
  2816 | D:4      | Reached skill level 7 in Stealth
  3024 | D:4      | Found a basalt altar of Yredelemnul.
  3097 | D:4      | Noticed Tux's ghost (amateur VSMo)
  3101 | D:4      | Found Veabomur's Gadget Boutique.
  3122 | D:4      | Killed Tux's ghost
  3122 | D:4      | Reached skill level 5 in Dodging
  3122 | D:4      | Reached XP level 7. HP: 33/33 MP: 1/14
  3249 | D:4      | Reached skill level 8 in Stealth
  3471 | D:4      | Reached skill level 5 in Hexes
  3743 | D:5      | Entered Level 5 of the Dungeon
  3748 | D:5      | Found Gaffa's Antique Armour Shoppe.
  3845 | D:5      | Found Plog's Distillery.
  3849 | D:5      | Reached skill level 9 in Stealth
  3853 | D:5      | Found an iron altar of Okawaru.
  3864 | D:5      | Found Xeken's Assorted Antiques.
  4077 | D:5      | Found Milaote's General Store.
  4137 | D:5      | Found Kuushih's Gadget Shop.
  4242 | D:5      | Reached XP level 8. HP: 30/37 MP: 13/16
  4375 | D:4      | Reached skill level 5 in Spellcasting
  4434 | D:4      | Bought a runed quick blade for 405 gold pieces
  4492 | D:5      | Reached skill level 10 in Stealth
  4506 | D:5      | Found a runed door.
  4524 | D:5      | Found a runed door.
  5347 | D:5      | Learned a level 3 spell: Tukima's Dance
  5477 | D:6      | Found a sparkling altar of Nemelex Xobeh.
  5588 | D:6      | Reached skill level 11 in Stealth
  5629 | D:6      | Found a sacrificial altar of Ru.
  5960 | D:6      | Reached XP level 9. HP: 42/42 MP: 13/18
  6395 | D:7      | Found a staircase to the Ecumenical Temple.
  6404 | Temple   | Entered the Ecumenical Temple
  6560 | D:7      | Found a shattered altar of Ashenzari.
  6930 | D:7      | Reached skill level 12 in Stealth
  7286 | D:8      | Found a snail-covered altar of Cheibriados.
  7311 | D:8      | Found a stormy altar of Qazlal.
  7450 | D:8      | Noticed Sagrath01's ghost (novice OpTm)
  7451 | D:8      | Noticed a komodo dragon
  7453 | D:8      | Found a staircase to the Lair.
  7463 | D:8      | Killed Sagrath01's ghost
  7463 | D:8      | Reached skill level 13 in Stealth
  7492 | D:8      | Killed a komodo dragon
  7492 | D:8      | Reached XP level 10. HP: 46/46 MP: 5/22
  7686 | D:8      | Found a glowing silver altar of Zin.
  7996 | D:9      | Found a glowing golden altar of the Shining One.
  8027 | D:9      | Noticed a brown ugly thing
  8034 | D:9      | Killed a brown ugly thing
  8220 | D:9      | Found a shimmering altar of Xom.
  8255 | D:9      | Found an opulent altar of Gozag.
  8260 | D:9      | Became a worshipper of Gozag Ym Sagoz the Greedy
  8716 | D:5      | Bought a glowing cloak for 103 gold pieces
  8752 | D:5      | Bought a knobbly iron ring for 95 gold pieces
  8917 | Lair:1   | Entered Level 1 of the Lair of Beasts
  9019 | Lair:1   | Noticed a spiny frog
  9122 | Lair:1   | Killed a spiny frog
  9217 | Lair:1   | Noticed a spiny frog
  9223 | Lair:1   | Killed a spiny frog
  9223 | Lair:1   | Reached skill level 14 in Stealth
  9286 | Lair:1   | Noticed Joseph
  9296 | Lair:1   | Killed Joseph
  9823 | Lair:2   | Noticed a spiny frog
  9824 | Lair:2   | Killed a spiny frog
  9824 | Lair:2   | Reached XP level 11. HP: 51/51 MP: 24/24
  9974 | Lair:2   | Learned a level 4 spell: Cause Fear
 10208 | Lair:2   | Reached skill level 15 in Stealth
 10309 | Lair:2   | Learned a level 3 spell: Gell's Gravitas
 10708 | Lair:3   | Reached skill level 5 in Short Blades
 11566 | Lair:4   | Found a hole to the Spider Nest.
 11637 | Lair:4   | Reached skill level 10 in Hexes
 12179 | Lair:5   | Noticed a six-headed hydra
 12205 | Lair:4   | Reached skill level 10 in Spellcasting
 12322 | Lair:5   | Noticed a six-headed hydra
 12330 | Lair:5   | Killed a six-headed hydra
 12330 | Lair:5   | Reached skill level 1 in Conjurations
 12367 | Lair:5   | Noticed a griffon
 12376 | Lair:5   | Killed a griffon
 12448 | Lair:5   | Killed a six-headed hydra
 12512 | Lair:5   | Reached XP level 12. HP: 22/56 MP: 10/28
 12536 | Lair:5   | HP: 1/56 [spiny frog (24)]
 12567 | Lair:5   | Reached skill level 10 in Dodging
 12800 | Lair:5   | Found a dark tunnel.
 12813 | Volcano  | Entered a volcano
 13580 | Lair:6   | Noticed a seven-headed hydra
 13583 | Lair:6   | Reached skill level 1 in Translocations
 13590 | Lair:6   | Killed a seven-headed hydra
 13598 | Lair:6   | Noticed a death yak
 13598 | Lair:6   | Noticed a death yak
 13602 | Lair:6   | Noticed a death yak
 13608 | Lair:6   | Killed a death yak
 13608 | Lair:6   | Reached skill level 1 in Evocations
 13610 | Lair:6   | Killed a death yak
 13614 | Lair:6   | Killed a death yak
 13867 | Lair:6   | Found a staircase to the Shoals.
 13889 | Lair:6   | Noticed a six-headed hydra
 13907 | Lair:6   | Killed a six-headed hydra
 14008 | Lair:6   | Noticed a death yak
 14009 | Lair:6   | Noticed a death yak
 14047 | Lair:6   | Killed a death yak
 14325 | Lair:6   | Noticed a death yak
 14348 | Lair:6   | Killed a death yak
 14377 | Lair:6   | Killed a death yak
 14907 | Lair:7   | Reached XP level 13. HP: 61/61 MP: 23/31
 16055 | Lair:8   | Entered Level 8 of the Lair of Beasts
 16158 | Lair:8   | Reached skill level 1 in Shields
 16250 | Lair:8   | Found a runed door.
 16252 | Lair:8   | Noticed an acid blob
 16253 | Lair:8   | Found a viscous altar of Jiyva.
 16253 | Lair:8   | Found a staircase to the Slime Pits.
 16253 | Lair:8   | Noticed an acid blob
 16275 | Lair:8   | Gained mutation: Your muscles are strong. (Str +2) [potion of beneficial mutation]
 16276 | Lair:8   | Gained mutation: You have sharp fingernails. [potion of beneficial mutation]
 16734 | Lair:8   | Noticed Nessos
 16744 | Lair:8   | Killed Nessos
 16920 | Lair:8   | Reached skill level 5 in Shields
 17082 | Lair:8   | Reached skill level 5 in Fighting
 17105 | Lair:8   | Noticed a dire elephant
 17289 | Lair:8   | Killed a dire elephant
 17289 | Lair:8   | Reached XP level 14. HP: 68/68 MP: 20/32
 17322 | Lair:8   | Got a crude diamond amulet
 17655 | Lair:1   | Noticed Tux's ghost (journeyman VSMo)
 17667 | Lair:1   | Killed Tux's ghost
 18002 | D:10     | Entered Level 10 of the Dungeon
 18002 | D:10     | Found Foqeohud's Antique Armour Shoppe.
 18011 | D:10     | Bought a shiny troll leather armour for 315 gold pieces
 18011 | D:10     | Bought a slimy robe for 119 gold pieces
 18033 | D:10     | Identified the +2 robe of the Hidden Souls {*Confuse rElec Regen+ MP+9} (You bought it in a shop on level 10 of the Dungeon)
 18039 | D:10     | Noticed Sonja
 18044 | D:10     | Killed Sonja
 18110 | D:10     | Noticed Urug
 18118 | D:10     | Killed Urug
 18118 | D:10     | Reached skill level 16 in Stealth
 18260 | D:10     | Found a staircase to the Orcish Mines.
 18375 | D:10     | Identified the amulet "Vetuuptoo" {rElec rPois Regen+} (You found it on level 8 of the Lair of Beasts)
 18727 | D:10     | Bought a scroll of identify for 36 gold pieces
 18730 | D:10     | Bought the +4 robe of Night {+Inv MR+ SInv Stlth+} for 1324 gold pieces
 19021 | D:11     | Gained mutation: You are robust (+10% HP). [potion of beneficial mutation]
 19211 | D:11     | Learned a level 2 spell: Repel Missiles
 19216 | D:11     | Learned a level 2 spell: Swiftness
 19789 | D:12     | Found a viscous altar of Jiyva.
 19875 | D:12     | Reached skill level 5 in Evocations
 20335 | D:12     | Noticed Gastronok
 20359 | D:12     | Killed Gastronok
 20839 | D:13     | Reached skill level 10 in Evocations
 21503 | D:14     | Reached skill level 17 in Stealth
 21833 | D:14     | Reached XP level 15. HP: 79/79 MP: 8/33
 21987 | D:14     | Reached skill level 18 in Stealth
 22021 | D:14     | Learned a level 1 spell: Apportation
 22042 | D:14     | Found a gate to the Vaults.
 22285 | D:14     | Noticed Rupert
 22352 | D:14     | Killed Rupert
 22352 | D:14     | Reached skill level 19 in Stealth
 22693 | D:15     | Entered Level 15 of the Dungeon
 22840 | D:15     | Found a shadowy altar of Dithmenos.
 22840 | D:15     | Found a shattered altar of Ashenzari.
 22996 | D:15     | Reached skill level 20 in Stealth
 23016 | D:15     | Found a staircase to the Depths.
 23113 | D:15     | Found a sacrificial altar of Ru.
 23250 | D:15     | Noticed a fire giant
 23490 | Orc:1    | Entered Level 1 of the Orcish Mines
 23497 | Orc:1    | Found a burning altar of Makhleb.
 23620 | Orc:1    | Found a flagged portal.
 23636 | Bailey   | Entered a bailey
 24452 | Orc:1    | Noticed Nergalle
 24457 | Orc:1    | Killed Nergalle
 24711 | Orc:2    | Entered Level 2 of the Orcish Mines
 24741 | Orc:2    | Found a roughly hewn altar of Beogh.
 24743 | Orc:2    | Found Dulyaruiwk's Gadget Shop.
 24788 | Orc:2    | Bought a sack of spiders for 260 gold pieces
 24812 | Orc:2    | Noticed F1L1N's ghost (journeyman MiBe)
 24829 | Orc:2    | Killed F1L1N's ghost
 24829 | Orc:2    | Reached skill level 21 in Stealth
 24922 | Orc:2    | Noticed an orc warlord
 24929 | Orc:2    | Killed an orc warlord
 25370 | Orc:2    | Found a staircase to the Elven Halls.
 25383 | Orc:2    | Found a roughly hewn altar of Beogh.
 25433 | Orc:2    | Found Uzienack's Antique Armour Shop.
 25433 | Orc:2    | Found Wasej's Antique Weapon Boutique.
 25433 | Orc:2    | Noticed Saint Roka
 25450 | Orc:2    | Killed Saint Roka
 25450 | Orc:2    | Reached XP level 16. HP: 86/86 MP: 24/34
 25461 | Orc:2    | Found a roughly hewn altar of Beogh.
 25866 | Orc:2    | Found a roughly hewn altar of Beogh.
 25886 | Orc:2    | Found Nyreuw's Antique Weapon Shoppe.
 26064 | Orc:2    | Bought an embroidered cloak for 112 gold pieces
 26101 | Elf:1    | Entered Level 1 of the Elven Halls
 27252 | Spider:1 | Entered Level 1 of the Spider Nest
 27604 | Orc:2    | Bought Sif Muna's Incunabulum of Weightlessness and Stones for 840 gold pieces
 27608 | Orc:2    | Learned a level 3 spell: Mephitic Cloud
 27930 | Spider:1 | Reached skill level 1 in Poison Magic
 27934 | Spider:1 | Reached skill level 1 in Air Magic
 28014 | Spider:1 | Got a transparent dagger
 28015 | Spider:1 | Identified the +1 dagger "Adiumifo" {flame, rElec rN+ Int+2} (You found it on level 1 of the Spider Nest)
 28874 | Spider:2 | Noticed Aizul
 28900 | Spider:2 | Killed Aizul
 28900 | Spider:2 | Reached skill level 15 in Dodging
 29500 | Spider:3 | Noticed Asterion
 29551 | Spider:3 | Killed Asterion
 29617 | Spider:3 | Reached XP level 17. HP: 70/93 MP: 2/36
 29757 | Spider:3 | Noticed Nikola
 30350 | Spider:3 | Killed Nikola
 30664 | Spider:3 | Identified a scroll of acquirement
 30665 | Spider:3 | Got a creamy pearl robe
 30666 | Spider:3 | Identified the +0 robe of Qodouhec {rN+ rCorr Slay-3} (You acquired it on level 3 of the Spider Nest)
 30942 | Spider:4 | Entered Level 4 of the Spider Nest
 31098 | Spider:4 | Noticed Arachne
 31114 | Spider:4 | Killed Arachne
 31116 | Spider:4 | Noticed Wiglaf
 31139 | Spider:4 | Killed Wiglaf
 31156 | Spider:4 | Noticed Kirke
 31164 | Spider:4 | Killed Kirke
 31496 | Spider:4 | Reached skill level 15 in Spellcasting
 31496 | Spider:4 | Reached skill level 5 in Conjurations
 31598 | Spider:4 | Got a gossamer rune of Zot
 31869 | Spider:4 | Noticed Louise
 31874 | Spider:4 | Killed Louise
 32207 | Vaults:1 | Entered Level 1 of the Vaults
 32296 | Vaults:1 | Reached XP level 18. HP: 90/100 MP: 33/38
 32363 | D:14     | Bought a phial of floods for 640 gold pieces
 33684 | D:14     | Learned a level 5 spell: Fireball
 33754 | Vaults:1 | Reached skill level 1 in Fire Magic
 33852 | Vaults:1 | Identified the Volume of the Damaging Arsonist (You found it on level 1 of the Vaults)
 34116 | Vaults:2 | Found Qotus's Assorted Antiques.
 34161 | Vaults:2 | Bought a sharpened ivory wand for 116 gold pieces
 34413 | Vaults:2 | Got a steaming copper ring
 34422 | Vaults:2 | Learned a level 5 spell: Metabolic Englaciation
 34538 | Vaults:2 | Noticed Mara
 34554 | Vaults:2 | Killed Mara
 34571 | Vaults:2 | Identified the ring "Nonabuypp" {+Fly Int+6 Dex-2} (You found it on level 2 of the Vaults)
 34675 | Vaults:2 | HP: 1/102 [fire dragon/blast of flame (44)]
 35181 | Shoals:1 | Entered Level 1 of the Shoals
 35209 | Shoals:1 | Reached skill level 10 in Fighting
 35570 | Shoals:1 | Reached XP level 19. HP: 90/108 MP: 40/40
 35832 | Shoals:1 | Noticed Donald
 35837 | Shoals:1 | Killed Donald
 35875 | Shoals:1 | Found a gateway to a bazaar.
 37415 | Shoals:4 | Entered Level 4 of the Shoals
 37446 | Shoals:4 | Noticed Ilsuiw
 37472 | Shoals:4 | Killed Ilsuiw
 37574 | Shoals:4 | Learned a level 3 spell: Spectral Weapon
 37578 | Shoals:4 | Learned a level 3 spell: Regeneration
 37632 | Shoals:4 | Reached skill level 1 in Charms
 37633 | Shoals:4 | Reached skill level 1 in Necromancy
 37635 | Shoals:4 | Identified Sif Muna's Collected Works on Venomous Beguiling
 37642 | Shoals:4 | Learned a level 5 spell: Summon Mana Viper
 37744 | Shoals:4 | Got a clouded marble ring
 37746 | Shoals:4 | Identified the ring "Kurph" {+Inv EV+2} (You found it on level 4 of the Shoals)
 37987 | Shoals:4 | Reached skill level 1 in Summonings
 38217 | Shoals:4 | Reached skill level 5 in Charms
 38322 | Shoals:4 | Got a shimmering bronze amulet
 38868 | Shoals:4 | Got a barnacled rune of Zot
 39002 | Bazaar   | Entered a bazaar
 39004 | Bazaar   | Found Plog's General Store.
 39011 | Bazaar   | Found Kogaaf's Assorted Antiques.
 39029 | Bazaar   | Found Qyosof's Book Emporium.
 39032 | Bazaar   | Found Qiyko's Armour Emporium.
 39041 | Bazaar   | Bought a +0 buckler of protection for 161 gold pieces
 39076 | Bazaar   | Bought a scroll of magic mapping for 80 gold pieces
 39076 | Bazaar   | Bought a scroll of enchant armour for 172 gold pieces
 39076 | Bazaar   | Bought a box of beasts for 460 gold pieces
 39076 | Bazaar   | Bought a scroll of identify for 46 gold pieces
 39083 | Bazaar   | Bought a potion of resistance for 90 gold pieces
 39454 | D:14     | Identified the amulet "Haim Koq" {Gourm rN+} (You took it off a merfolk javelineer on level 4 of the Shoals)
 40195 | D:15     | Identified the Tome of the Volcanoes and Hexes (You found it on level 15 of the Dungeon)
 40305 | D:15     | Identified a +4 rod of clouds (9/9) (You found it on level 15 of the Dungeon)
 40320 | D:15     | Identified a +7 rod of clouds (10/10) (You took it off a vampire on level 15 of the Dungeon)
 40551 | D:15     | Reached XP level 20. HP: 118/118 MP: 41/41
 40668 | Depths:1 | Entered Level 1 of the Depths
 40672 | Depths:1 | Found a gateway to a ziggurat.
 40710 | Depths:1 | Found Xamorupa's Antique Weapon Shop.
 40762 | Depths:1 | Found Temmugic's Antique Armour Emporium.
 40767 | Depths:1 | Bought a scorched cloak for 351 gold pieces
 40767 | Depths:1 | Identified the +0 cloak of the Black Skies {MP+9 Str+3} (You bought it in a shop on level 1 of the Depths)
 40922 | Depths:1 | Noticed Margery
 40926 | Depths:1 | Found a gateway to Hell.
 40937 | Depths:1 | Killed from afar by Margery

Skill      XL: |  1  2  3  4  5  6  7  8  9 10 11 12 13 14 15 16 17 18 19 20 |
---------------+-------------------------------------------------------------+-----
Stealth        | 5 6 7 9 11 13 14 15 17 21 | 21.8
Spellcasting   | 3 4 5 7 8 11 13 14 15 16 | 16.8
Hexes          | 4 5 6 8 9 11 13 14 | 14.2
Dodging        | 4 5 6 7 8 9 10 11 12 15 17 18 | 18.8
Slings         | 1 |  1.4
Ice Magic      | 1 2 3 4 |  4.3
Fighting       | 1 2 3 5 6 7 8 10 12 | 12.7
Short Blades   | 2 3 4 6 7 8 |  8.6
Conjurations   | 1 3 5 6 |  6.5
Translocations | 3 |  3.4
Evocations     | 1 10 | 10.3
Shields        | 5 6 7 8 |  8.1
Poison Magic   | 3 |  3.9
Air Magic      | 3 |  3.0
Fire Magic     | 3 |  3.9
Charms         | 6 |  6.0
Necromancy     | 3 |  3.3
Summonings     | 2 |  2.3

Action                   |  1- 3 |  4- 6 |  7- 9 | 10-12 | 13-15 | 16-18 | 19-21 || total
-------------------------+-------+-------+-------+-------+-------+-------+-------++-------
Melee: Dagger            |    95 |   109 |   115 |       |       |       |       ||   319
       Short sword       |       |       |    55 |       |       |       |       ||    55
       Quick blade       |       |       |   168 |   424 |  1143 |  1439 |   688 ||  3862
 Fire: Hunting sling     |    11 |    27 |     7 |       |       |       |       ||    45
       Blowgun           |       |       |       |       |     9 |    27 |     5 ||    41
Throw: Stone             |       |       |     8 |       |       |       |       ||     8
       Tomahawk          |       |       |       |     8 |     2 |       |       ||    10
       Throwing net      |       |       |       |       |       |    15 |     2 ||    17
 Cast: Corona            |     5 |       |       |       |       |       |       ||     5
       Ensorcelled Hiber |     9 |    26 |    55 |   106 |   131 |   134 |    48 ||   509
       Dazzling Spray    |       |     3 |    20 |     5 |   102 |    50 |    52 ||   232
       Confuse           |       |     2 |    12 |    32 |    62 |    11 |    12 ||   131
       Tukima's Dance    |       |       |     7 |     6 |    10 |    23 |    30 ||    76
       Cause Fear        |       |       |       |     9 |     3 |     1 |       ||    13
       Gell's Gravitas   |       |       |       |    12 |       |       |       ||    12
       Repel Missiles    |       |       |       |       |     3 |     1 |     3 ||     7
       Mephitic Cloud    |       |       |       |       |       |    37 |     1 ||    38
       Fireball          |       |       |       |       |       |     1 |     8 ||     9
       Metabolic Englaci |       |       |       |       |       |     1 |     2 ||     3
       Spectral Weapon   |       |       |       |       |       |       |    27 ||    27
       Regeneration      |       |       |       |       |       |       |     9 ||     9
       Summon Mana Viper |       |       |       |       |       |       |     8 ||     8
Invok: Call Merchant     |       |       |       |       |     2 |     5 |       ||     7
       Potion Petition   |       |       |       |       |       |     1 |       ||     1
 Abil: Evoke Invisibilit |       |       |       |       |     7 |     9 |     3 ||    19
       Turn Visible      |       |       |       |       |     4 |    10 |     1 ||    15
Evoke: Wand              |       |       |       |     1 |     1 |     6 |     1 ||     9
       Deck              |       |       |       |     1 |       |       |       ||     1
       Lamp of fire      |       |       |       |       |       |     4 |       ||     4
       Sack of spiders   |       |       |       |       |       |     3 |       ||     3
       Phial of floods   |       |       |       |       |       |     1 |       ||     1
  Use: Scroll            |       |     9 |     6 |    12 |    17 |    19 |     8 ||    71
       Potion            |       |       |     1 |       |     3 |     1 |     2 ||     7
 Stab: Sleeping          |    10 |    32 |    54 |   120 |   218 |   152 |    77 ||   663
       Confused          |       |     3 |    10 |     9 |    26 |    51 |     7 ||   106
       Invisible         |       |       |     5 |     1 |    71 |    49 |    24 ||   150
       Distracted        |       |       |       |     7 |    14 |    26 |    20 ||    67
       Held in net/web   |       |       |       |     1 |       |     5 |     1 ||     7
       Petrifying        |       |       |       |       |     1 |       |       ||     1
       Petrified         |       |       |       |       |     1 |       |       ||     1
  Eat: Bread ration      |       |       |     2 |       |     2 |     3 |     1 ||     8
       Royal jelly       |       |       |       |     1 |     1 |       |       ||     2
Armor: Robe              |    11 |    12 |    30 |    12 |    21 |    37 |    21 ||   144
       Skin              |       |       |     7 |       |       |       |       ||     7
Dodge: Dodged            |    81 |    84 |   222 |   163 |   327 |   609 |   320 ||  1806
       Deflected         |       |       |       |       |     4 |     3 |     8 ||    15
Block: Buckler           |       |       |       |       |   125 |   259 |   131 ||   515
